 Dungeon Crawl Stone Soup version 0.30-a0-830-gfe289a77b0 (console) character file.

Game seed: 14277871095375614078

7933 jejorda2 the Impaler (level 11, -2/75 (86) HPs)
             Began as a Merfolk Berserker on Feb 27, 2023.
             Was an Elder of Trog.
             Killed by vampiric draining
             ... invoked by Josephine
              (10 damage)
             ... on level 10 of the Dungeon on Feb 28, 2023.
             The game lasted 00:17:57 (9100 turns).

jejorda2 the Impaler (Merfolk Berserker)            Turns: 9100, Time: 00:17:57

HP:   -2/75 (86)    AC: 23    Str: 21    XL:     11   Next: 23%
MP:   0/11          EV:  7    Int:  6    God:    Trog [****..]
Gold: 174           SH:  0    Dex: 15    Spells: 10/10 levels left

rFire   . . .      SeeInvis .    a - +0 glaive
rCold   . . .      Faith    .    (shield currently unavailable)
rNeg    . . .      Spirit   +    y - +0 plate armour
rPois   +          Reflect  .    h - +2 hat
rElec   .          Harm     .    r - +0 cloak
rCorr   .          Rampage  .    E - +0 pair of gloves
Will    +....                    k - +1 pair of boots Stlth
                                 g - amulet of guardian spirit
HPRegen 0.32/turn                n - +4 ring of protection
MPRegen 0.12/turn                C - ring of poison resistance

@: on berserk cooldown, slowed, heavily drained, very slow
A: (nimble swimmer 2), mertail, strong-willed 1, MP-powered wands
a: Renounce Religion, Berserk, Trog's Hand, Brothers in Arms


You were on level 10 of the Dungeon.
You worshipped Trog.
Trog was greatly pleased with you.
You visited 1 branch of the dungeon, and saw 10 of its levels.

You collected 435 gold pieces.
You spent 261 gold pieces at shops.

Inventory:

Hand Weapons
 a - a +0 glaive (weapon)
 b - a +4 spear
Missiles
 z - 15 poisoned darts
 A - 85 stones (quivered)
 D - a throwing net
 F - 5 boomerangs
Armour
 h - a +2 hat (worn)
 k - a +1 pair of boots (worn)
 r - a +0 cloak (worn)
 t - the +0 scale mail of Lethargy {rC+}
   (You found it on level 4 of the Dungeon)

   rC:        It protects you from cold.
 y - a +0 plate armour (worn)
 E - a +0 pair of gloves (worn)
Jewellery
 g - an amulet of guardian spirit (around neck)
 n - a +4 ring of protection (left hand)
 p - the ring "Boky" {rF+ rC+ Str+2 SInv Stlth+}
   (You acquired it on level 7 of the Dungeon)

   [ring of see invisible]

   Str:       It affects your strength (+2).
   rF:        It protects you from fire.
   rC:        It protects you from cold.
   SInv:      It lets you see invisible.
   Stlth:     It makes you more stealthy.
 C - a ring of poison resistance (right hand)
Wands
 f - a wand of polymorph (1)
 B - a wand of charming (10)
Scrolls
 c - 6 scrolls of identify
 d - 6 scrolls of teleportation
 e - 2 scrolls of poison
 l - 2 scrolls of fog
 s - 2 scrolls of immolation
 v - a scroll of silence
 x - a scroll of enchant weapon
Potions
 i - 2 potions of attraction
 j - 4 potions of mutation
 m - 5 potions of curing
 o - 4 potions of heal wounds
 q - 3 potions of cancellation
 u - 3 potions of flight
 w - 2 potions of haste


   Skills:
 + Level 7.9 Fighting
 * Level 16.9 Polearms
 + Level 4.5 Throwing
 - Level 6.0 Armour
 - Level 2.6 Dodging


You had 10 spell levels left.
You didn't know any spells.
Your spell library was empty.

Dungeon Overview and Level Annotations

Branches:
Dungeon (10/15)            Temple (0/1) D:6
   Lair: D:8-11         Orc: D:9-12

Altars:
Cheibriados
Kikubaaqudgha
Okawaru
Sif Muna
Uskayaw
Vehumet
Xom

Shops:
D:6 [   D:8 [

Annotations:
D:10 Josephine


Innate Abilities, Weirdness & Mutations

((You are very nimble when in or above water. (Stealth+, EV+, Speed+++)))
Your lower body shifts to a powerful aquatic tail in water.
You are strong-willed. (Will+)
You expend magic power (3 MP) to strengthen your wands.


Message History

You closely miss Josephine.
Josephine is almost dead.
Josephine hits you but does no damage.
You feel drained. The wraith barely misses you.
The wraith hits you but does no damage. The wraith hits you!
The wraith drains your vigour!
You feel as though you will be slow longer.
You closely miss Josephine.
Josephine is almost dead.
Josephine casts a spell at you.
The ghostly flame explodes!
The ghostly fireball engulfs you!!
You feel drained.
* * * LOW HITPOINT WARNING * * *
The ghostly fireball engulfs the wraith.
The wraith completely resists.
The ghostly fireball engulfs the wraith.
The wraith completely resists.
The ghostly fireball engulfs the wraith.
The wraith completely resists.
The ghostly fireball engulfs Josephine.
Josephine completely resists.
The ghostly fireball engulfs the wraith.
The wraith completely resists.
The wraith hits you but does no damage. x3
An orc wizard comes into view. It is wielding a +0 dagger.
The wraith hits you but does no damage. x2
An orc comes into view. It is wielding a +0 hand axe.
The wraith closely misses you. Josephine hits you but does no damage.
You feel drained. The wraith hits you!
* * * LOW HITPOINT WARNING * * *
The wraith hits you.
* * * LOW HITPOINT WARNING * * *
The wraith drains your vigour!
You feel as though you will be slow longer.
The orc wizard shouts!
The orc shouts!
You hear a shout! x3
Okay, then.
The wraith attacks as you move away! The wraith hits you but does no damage.
An orc wizard comes into view. It is wielding a +0 dagger.
An orc comes into view. It is wielding a +0 club.
The orc shouts!
An orc comes into view. It is wielding a +0 hand axe.
The wraith closely misses you. Josephine draws life force from you!
You die...

... ###..### #
#######......
..(..........#
.. #........#
#.#........#
###......!...#
......WW@....#
?.##..@WW...#
#........#
#..o.....[.#
.......#######
.##.##. ... ..
#o. o.# .. o.


You could see Josephine, 4 wraiths, an orc wizard and 2 orcs.

Vanquished Creatures
  Erica (D:8)
  A two-headed ogre (D:9)
  2 cyclopes
  Joseph (D:9)
  A troll (D:10)
  2 hornets
  A slime creature (D:8)
  A vampire (D:9)
  6 yaks (D:8)
  2 steam dragons
  Menkaure (D:5)
  2 water moccasins
  3 ice beasts
  4 orc warriors
  2 black bears
  A sky beast (D:6)
  An ogre (D:6)
  2 phantoms
  A kobold brigand (D:7)
  2 bullfrogs
  4 scorpions
  5 necrophages
  3 wights (D:7)
  3 killer bees (D:9)
  5 howler monkeys
  A hound (D:7)
  7 orc priests
  2 gnoll boudas
  Crazy Yiuf (D:3)
  An iron imp (D:7)
  2 iguanas
  7 orc wizards
  13 gnolls
  10 adders
  A shadow imp (D:6)
  4 white imps
  3 ufetubi
  3 worms
  2 dart slugs
  29 orcs
  3 endoplasms
  6 giant cockroaches
  10 goblins
  8 hobgoblins
  5 jackals (D:4)
  3 quokkas
  8 ball pythons
  8 bats
  A frilled lizard (D:1)
  14 kobolds
  4 rats
213 creatures vanquished.

Notes
Turn   | Place    | Note
-------+----------+-------------------------------------------
     0 | D:1      | jejorda2 the Merfolk Berserker began the quest for the Orb.
     0 | D:1      | Reached XP level 1. HP: 18/18 MP: 1/1
   157 | D:1      | Reached XP level 2. HP: 24/24 MP: 2/2
   425 | D:1      | Found a faded altar of an unknown god.
   563 | D:1      | Upgraded the game from 0.30-a0-824-g6c64550be9 to
                  | 0.30-a0-830-gfe289a77b0
   622 | D:2      | Reached XP level 3. HP: 27/29 MP: 3/3
   828 | D:2      | Reached ** piety under Trog
   884 | D:2      | Reached skill level 5 in Polearms
  1474 | D:3      | Reached XP level 4. HP: 17/37 MP: 4/4
  1516 | D:3      | Gained mutation: You are strong-willed. (Will+) [potion of
                  | mutation]
  1516 | D:3      | Gained mutation: You expend magic power (3 MP) to
                  | strengthen your wands. [potion of mutation]
  1920 | D:3      | Reached skill level 6 in Polearms
  1920 | D:3      | Reached XP level 5. HP: 42/42 MP: 5/5
  1996 | D:3      | Found a runed translucent door.
  1997 | D:3      | Noticed Crazy Yiuf
  2004 | D:3      | Killed Crazy Yiuf
  2345 | D:4      | Reached skill level 7 in Polearms
  2345 | D:4      | Reached XP level 6. HP: 39/49 MP: 6/6
  2490 | D:4      | Reached skill level 5 in Fighting
  2583 | D:4      | Identified the +0 scale mail of Lethargy {rC+}
  2749 | D:4      | Reached skill level 8 in Polearms
  2754 | D:4      | Reached XP level 7. HP: 56/56 MP: 5/7
  2785 | D:4      | Found a radiant altar of Vehumet.
  3072 | D:5      | Entered Level 5 of the Dungeon
  3086 | D:5      | Reached *** piety under Trog
  3276 | D:5      | Reached skill level 9 in Polearms
  3467 | D:5      | Reached skill level 10 in Polearms
  3467 | D:5      | Reached XP level 8. HP: 61/64 MP: 6/8
  3693 | D:5      | Noticed Menkaure
  3712 | D:5      | Killed Menkaure
  3983 | D:6      | Reached skill level 11 in Polearms
  4490 | D:6      | Reached skill level 12 in Polearms
  4494 | D:6      | Found an ancient bone altar of Kikubaaqudgha.
  4768 | D:6      | Found Vizuesy's Antique Armour Shoppe.
  4774 | D:6      | Bought a glowing hat for 203 gold pieces
  4924 | D:6      | Found a staircase to the Ecumenical Temple.
  5284 | D:7      | Reached XP level 9. HP: 69/69 MP: 9/9
  5288 | D:7      | Noticed a cyclops
  5296 | D:7      | Killed a cyclops
  5307 | D:7      | Reached skill level 13 in Polearms
  5680 | D:7      | Identified a scroll of acquirement
  5680 | D:7      | Acquired the ring "Boky" {rF+ rC+ Str+2 SInv Stlth+}
  5682 | D:7      | Noticed a hornet
  5683 | D:7      | Paralysed by a hornet for 2 turns
  5694 | D:7      | Paralysed by a hornet for 3 turns
  5698 | D:7      | Killed a hornet
  5766 | D:7      | Found a snail-covered altar of Cheibriados.
  5852 | D:7      | Reached skill level 5 in Armour
  6021 | D:7      | Reached skill level 14 in Polearms
  6322 | D:8      | Noticed Erica
  6343 | D:8      | Killed Erica
  6344 | D:8      | Reached XP level 10. HP: 76/76 MP: 10/10
  6495 | D:8      | Reached skill level 15 in Polearms
  6495 | D:8      | Reached skill level 1 in Throwing
  6831 | D:8      | Found a shimmering altar of Xom.
  7334 | D:8      | Reached **** piety under Trog
  7345 | D:8      | Found Mihaokk's Armour Emporium.
  7348 | D:8      | Bought a +0 pair of gloves for 58 gold pieces
  7401 | D:8      | Found an iron altar of Okawaru.
  7402 | D:8      | Found a shimmering blue altar of Sif Muna.
  7648 | D:9      | Noticed a two-headed ogre
  7660 | D:9      | Killed a two-headed ogre
  7661 | D:9      | Reached skill level 16 in Polearms
  8015 | D:9      | Noticed a cyclops
  8025 | D:9      | Killed a cyclops
  8026 | D:9      | Reached XP level 11. HP: 84/84 MP: 9/11
  8174 | D:9      | Found a hide-covered altar of Uskayaw.
  8176 | D:9      | Identified the +6 falchion "Dipnuv Edei" {chaos, rN++
                  | Str-2}
  8392 | D:9      | Noticed Joseph
  8433 | D:9      | Killed Joseph
  9073 | D:10     | Entered Level 10 of the Dungeon
  9078 | D:10     | Noticed Josephine
  9100 | D:10     | Killed from afar by Josephine

Illustrated notes

Levels and vault maps discovered:
D:1:      lightli_arrival_windingriver, layout_basic,
          hellmonk_ecumenical_altar_inner_sanctum
D:2:      layout_basic
D:3:      layout_basic, st_stairs_8, uniq_crazy_yiuf_cottage
D:4:      layout_rooms, vehumet_crystals, minmay_cut_off
D:5:      layout_loops_cross, uniq_menkaure
D:6:      layout_basic, mainiacjoe_overflow_24_doors, temple_statues,
          serial_shops, nicolae_diamond_shop
D:7:      layout_loops_ring, slow_altar_1
D:8:      kennysheep_spiral_hall, layout_loops_corners,
          mainiacjoe_overflow_brackets, nicolae_overflow_two_pavilions,
          serial_shops, kennysheep_mini, uniq_erica
D:9:      layout_loops_corners, nicolae_uskayaw_suspiria, lightli_minifort,
          uniq_joseph
D:10:     layout_loops_ring, lair_entry_dummy, uniq_josephine

Skill      XL: |  1  2  3  4  5  6  7  8  9 10 11 |
---------------+----------------------------------+-----
Polearms       | 5 6 7 8 10 12 14 16 | 16.9
Armour         | 2 3 6 |  6.0
Fighting       | 4 5 6 7 |  7.9
Throwing       | 3 4 |  4.5
Dodging        | |  2.6

Action                     |  1- 3 |  4- 6 |  7- 9 | 10-12 || total
---------------------------+-------+-------+-------+-------++-------
  Melee: Spear             |   140 |   218 |   408 |       ||   766
         Punch             |     1 |     1 |     1 |       ||     3
         Glaive            |       |       |       |   257 ||   257
  Throw: Stone             |       |     2 |     9 |    11 ||    22
 Invoke: Berserk           |       |     5 |     9 |     5 ||    19
         Trog's Hand       |       |     2 |       |     5 ||     7
    Use: Potion            |       |     5 |       |       ||     5
         Scroll            |       |       |    15 |       ||    15
   Stab: Sleeping          |     1 |       |       |       ||     1
 Armour: Scale mail        |    37 |    64 |    15 |       ||   116
         Plate armour      |       |       |    89 |   136 ||   225
  Dodge: Dodged            |    48 |    96 |    48 |    64 ||   256

Table legend: (Time is in decaauts)
 A = Elapsed time spent in this place.
 B = Non-inter-level travel time spent in this place.
 C = Inter-level travel time spent in this place.
 D = Time resting spent in this place.
 E = Time spent auto-exploring this place.
 F = Levels seen in this place.
 G = Mean time per level.
                   A        B        C        D        E       F      G
               +--------+--------+--------+--------+--------+-----+--------+
         Total |   8936 |   8399 |    537 |   1012 |   5848 |  10 |  893.6 |
       Dungeon |   8936 |   8399 |    537 |   1012 |   5848 |  10 |  893.6 |
               +--------+--------+--------+--------+--------+-----+--------+

Top non-repeatable levels by time:
     D:8: 1386 daAuts
     D:9: 1310 daAuts
     D:6: 1163 daAuts
     D:7: 1158 daAuts
     D:3: 927 daAuts
     D:5: 867 daAuts
     D:2: 814 daAuts
     D:4: 721 daAuts
     D:1: 565 daAuts
    D:10: 21 daAuts
